 Dungeon Crawl Stone Soup version 0.22-a0-252-gcace5d2 (webtiles) character file.

4 mhoghedin the Grasshopper (level 1, -2/14 HPs)
             Began as a Halfling Warper on Mar 1, 2018.
             Slain by a hobgoblin
             ... wielding a +0 club
              (3 damage)
             ... on level 1 of the Dungeon.
             The game lasted 00:01:04 (315 turns).

mhoghedin the Grasshopper (Halfling Warper)          Turns: 315, Time: 00:01:06

Health: -2/14      AC:  3    Str: 12    XL:     1   Next: 77%
Magic:  3/3        EV: 14    Int: 11    God:
Gold:   0          SH:  0    Dex: 13    Spells: 3/3 levels left

rFire    . . .     SeeInvis .   a - +0 falchion
rCold    . . .     Gourm    .   (shield restricted)
rNeg     . . .     Faith    .   b - +0 leather armour
rPois    .         Spirit   .   (no helmet)
rElec    .         Reflect  .   (no cloak)
rCorr    .         Harm     .   (no gloves)
MR       .....                  (no boots)
Stlth    +.........             (no amulet)
HPRegen  0.04/turn              (no ring)
MPRegen  0.08/turn              (no ring)

@: no status effects
A: small, mutation resistance 1, wild magic 1
a: no special abilities


You were on level 1 of the Dungeon.
You were not hungry.

You visited 1 branch of the dungeon, and saw 1 of its levels.

Inventory:

Hand Weapons
 a - a +0 falchion (weapon)
Missiles
 e - 5 tomahawks of dispersal {=f}
Armour
 b - a +0 leather armour (worn)
Scrolls
 d - a scroll of blinking {!r}
Comestibles
 f - a ration


   Skills:
 + Level 1.9 Fighting
 + Level 2.1 Long Blades
 - Level 1.0 Throwing
 + Level 1.2 Armour
 + Level 2.3 Dodging
 - Level 1.5 Spellcasting
   Level 3.2 Translocations


You had 3 spell levels left.
You didn't know any spells.

Dungeon Overview and Level Annotations

Branches:
Dungeon (1/15)

Altars:


Innate Abilities, Weirdness & Mutations

You are small and have problems with some larger weapons.
You are somewhat resistant to further mutation.
Your spells are a little harder to cast, but a little more powerful.


Message History

You hit the adder zombie but do no damage.
The adder zombie barely misses you.
You closely miss the adder zombie. The adder zombie bites you. x2
You take 4 damage, and have 7/14 hp.
MASSIVE DAMAGE!!
You hit the adder zombie. The adder zombie barely misses you.
You barely miss the adder zombie. The adder zombie barely misses you.
You riposte.
You hit the adder zombie. You hit the adder zombie. The adder zombie bites you.
* * * LOW HITPOINT WARNING * * *
The adder zombie closely misses you.
You riposte.
You hit the adder zombie.
You destroy the adder zombie!
You take 3 damage, and have 4/14 hp.
MASSIVE DAMAGE!!
You close the large door.
You start resting.
Health restored: 14 As you open the large door, it creaks loudly!
There is a large open door here.
There is a large open door here.
A giant cockroach zombie comes into view.
No reachable target in view!
The giant cockroach zombie misses you.
You riposte.
You hit the giant cockroach zombie. You hit the giant cockroach zombie.
The giant cockroach zombie completely misses you.
You hit the giant cockroach zombie.
You destroy the giant cockroach zombie!
No target in view!
No target in view!
No target in view!
No target in view!
No target in view!
No target in view!
c - a bubbling black potion You open the large door.
There is a large open door here.
There is a large open door here.
You open the large door.
There is a large open door here.
There is a large open door here.
You open the door.
A rat comes into view.
There is an open door here.
The rat bites you but does no damage.
You barely miss the rat. The rat bites you but does no damage.
You hit the rat.
You kill the rat!
No target in view!
No target in view!
No target in view!
No target in view!
No target in view!
No target in view!
No target in view!
No target in view!
No target in view!
You see here a rat corpse.
A hobgoblin comes into view. It is wielding a club.
The hobgoblin shouts!
You hear a shout!
A hobgoblin is nearby!
You hit the hobgoblin. The hobgoblin misses you.
You barely miss the hobgoblin. The hobgoblin misses you.
A goblin comes into view.
You barely miss the hobgoblin. The hobgoblin barely misses you.
You closely miss the hobgoblin. The hobgoblin hits you with a club.
The hobgoblin hits you but does no damage.
You take 3 damage, and have 11/14 hp.
MASSIVE DAMAGE!!
You see here a rat corpse.
You hit the hobgoblin but do no damage.
The hobgoblin hits you but does no damage.
You barely miss the hobgoblin. The hobgoblin hits you with a club.
You take 3 damage, and have 8/14 hp.
MASSIVE DAMAGE!!
A goblin opens the door.
There is an open door here.
You hit the hobgoblin but do no damage. The hobgoblin closely misses you.
You barely miss the hobgoblin.
The hobgoblin hits you but does no damage.
You closely miss the hobgoblin. The hobgoblin barely misses you.
You hit the hobgoblin. The hobgoblin hits you with a club.
You take 1 damage, and have 7/14 hp.
You hit the hobgoblin. The hobgoblin hits you with a club.
* * * LOW HITPOINT WARNING * * *
You take 4 damage, and have 3/14 hp.
MASSIVE DAMAGE!!
You don't know any spells.
Unknown command.
You don't know any spells.
Unknown command.
It was a potion of mutation.
You feel extremely strange.
You feel less in control of your magic. The hobgoblin completely misses you.
You riposte.
You closely miss the hobgoblin. You closely miss the hobgoblin.
The hobgoblin hits you with a club.
* * * LOW HITPOINT WARNING * * *
You take 2 damage, and have 1/14 hp.
You hit the hobgoblin but do no damage. The hobgoblin hits you with a club.
You die...

...#..... #..#. ...
#........ #........
##g.#[.. #######
.##....# #.....# .♣
#....#
#.....####'####....#
#.......@gg.†......#
#.......#####.##...#
#.......# #.# ...#
#.......# #.# ####
...###.......## #.#
≈≈≈≈≈≈≈≈.≈≈≈≈≈≈≈≈
≈.#
#####♣##'##♣#####
≈.# #≈ #'# ≈# ≈.#
##8##.##8## #≈.#


You could see a hobgoblin and a goblin.

Vanquished Creatures
  An adder zombie (D:1)
  A giant cockroach zombie (D:1)
  A rat (D:1)
3 creatures vanquished.

Notes
Turn   | Place    | Note
-------+----------+-------------------------------------------
     0 | D:1      | mhoghedin the Halfling Warper began the quest for the Orb.
     0 | D:1      | Reached XP level 1. HP: 14/14 MP: 3/3
   312 | D:1      | HP: 3/14 [hobgoblin/club (4)]
   313 | D:1      | Gained mutation: Your spells are a little harder to cast, but a little more powerful. [potion of mutation]
   314 | D:1      | HP: 1/14 [hobgoblin/club (2)]
   315 | D:1      | Slain by a hobgoblin

Vault maps used:
D:1:      saegor_arrival_fortress, tso_altar

Action                   || total
-------------------------++-------
Melee: Falchion          ||    26
  Use: Potion            ||     1
Armor: Leather armour    ||     5
Dodge: Dodged            ||    14
       Rpst.: Falchion   ||     4

Table legend:
 A = Spawn XP
 B = Non-spawn XP
 C = Spawn XP percentage of total XP
 D = Spawn monster count
 E = Non-spawn monster count
 F = Spawn count percentage of total count
 G = Total turns spent on level
                    A         B        C        D         E        F      G
               +---------+---------+-------+---------+---------+-------+---------
         Total |       0 |       7 |   0.0 |       0 |       3 |   0.0 |   315
               +---------+---------+-------+---------+---------+-------+---------
           D:1 |       0 |       7 |   0.0 |       0 |       3 |   0.0 |   315
               +---------+---------+-------+---------+---------+-------+---------

Vault maps used:
D:1:      saegor_arrival_fortress, tso_altar

Table legend:
 A = Turns spent in this place as a percentage of turns spent in the entire game.
 B = Non-inter-level travel turns spent in this place as a percentage of non-inter-level travel turns spent in the entire game.
 C = Inter-level travel turns spent in this place as a percentage of turns spent in this place.
 D = Turns resting spent in this place as a percentage of non-inter-level travel turns spent in this place.
 E = Turns spent auto-exploring this place as a percentage of non-inter-level travel turns spent in this place.
 F = Non-inter-level travel turns spent in this place divided by the number of levels of this place that you've seen.
                   A       B       C       D       E      F
               +-------+-------+-------+-------+-------+----------------------
         Total | 100.0 | 100.0 |   0.0 |  71.4 |  12.4 | 315.0
       Dungeon | 100.0 | 100.0 |   0.0 |  71.4 |  12.4 | 315.0
               +-------+-------+-------+-------+-------+----------------------

Table legend:
 A = Kills in this place as a percentage of kills in entire the game.
 B = Kills by you in this place as a percentage of kills by you in the entire game.
 C = Kills by friends in this place as a percentage of kills by friends in the entire game.
 D = Other kills in this place as a percentage of other kills in the entire game.
 E = Experience gained in this place as a percentage of experience gained in the entire game.
 F = Experience gained in this place divided by the number of levels of this place that you have seen.
                   A       B       C       D       E      F
               +-------+-------+-------+-------+-------+----------------------
         Total | 100.0 | 100.0 |   N/A |   N/A | 100.0 |   7.0
       Dungeon | 100.0 | 100.0 |   N/A |   N/A | 100.0 |   7.0
               +-------+-------+-------+-------+-------+----------------------
